 Dungeon Crawl Stone Soup version 0.29.1-2-gbd0b4ee654 (webtiles) character file.

Game seed: 12290274840544598638

348629 Lutefisk the Warrior (level 22, -2/128 HPs)
             Began as a Vine Stalker Brigand on Oct 30, 2022.
             Was a High Priest of Makhleb.
             Killed from afar by a fire dragon (3 damage)
             ... with a blast of flame
             ... on level 2 of the Depths.
             The game lasted 02:23:35 (31349 turns).

Lutefisk the Warrior (Vine Stalker Brigand)        Turns: 31349, Time: 02:23:36

Health: -2/128     AC: 39    Str: 24    XL:     22   Next: 17%
Magic:  0/32       EV: 14    Int: 15    God:    Makhleb [*****.]
Gold:   3363       SH: 21    Dex: 18    Spells: 21/21 levels left

rFire   + + .      SeeInvis .   R - +7 long sword (elec)
rCold   + . .      Faith    .   Q - +2 kite shield {AC+3}
rNeg    + . .      Spirit   +   P - +9 chain mail of Efutiot {rElec Regen+ Int+4 Dex-5}
rPois   +          Reflect  +   k - +4 helmet of the Watchman {rElec rF+ rC+}
rElec   +          Harm     .   c - +0 cloak "Cafuorgh" {Str+5 Slay+3 Stlth-}
rCorr   +          Rampage  .   y - +2 pair of gloves {Stlth+}
Will    ++...                   Y - +2 pair of boots {Fly}
Stlth   +++.......              i - amulet of reflection
HPRegen 1.91/turn               x - ring "Besonaed" {rElec rPois Str+3 Dex-2}
MPRegen 0.23/turn               j - ring "Ulueluur" {rF+ rN+ rCorr}

@: about to teleport, flying, studying Throwing
A: fangs 3, regeneration 1, magic shield, antimagic bite, no potion heal 2
}: 2/15 runes: serpentine, barnacled
a: Renounce Religion, Minor Destruction, Lesser Servant of Makhleb, Major
Destruction, Greater Servant of Makhleb


You were on level 2 of the Depths.
You worshipped Makhleb.
Makhleb was extremely pleased with you.
You visited 9 branches of the dungeon, and saw 40 of its levels.
You visited the Abyss 1 time.
You visited 1 bazaar.
You also visited: Gauntlet and Ice Cave.

You collected 4110 gold pieces.
You spent 747 gold pieces at shops.

Inventory:

Hand Weapons
 R - a +7 long sword of electrocution (weapon)
Missiles
 m - 2 throwing nets
 H - 14 javelins
 O - 6 curare-tipped darts (quivered)
Armour
 c - the +0 cloak "Cafuorgh" (worn) {Str+5 Slay+3 Stlth-}
   (You found it on level 12 of the Dungeon)

   Str:       It affects your strength (+5).
   Slay:      It affects your accuracy & damage with ranged weapons and melee
   (+3).
   Stlth:     It makes you less stealthy.
 k - the +4 helmet of the Watchman (worn) {rElec rF+ rC+}
   (You bought it in a shop on level 3 of the Shoals)

   rF:        It protects you from fire.
   rC:        It protects you from cold.
   rElec:     It insulates you from electricity.
 y - a +2 pair of gloves of stealth (worn)
 P - the +9 chain mail of Efutiot (worn) {rElec Regen+ Int+4 Dex-5}
   (You found it on level 2 of the Lair of Beasts)

   Int:       It affects your intelligence (+4).
   Dex:       It affects your dexterity (-5).
   rElec:     It insulates you from electricity.
   Regen:     It increases your rate of health regeneration.
 Q - a +2 kite shield of protection (worn)
 Y - a +2 pair of boots of flying (worn)
Jewellery
 i - an amulet of reflection (around neck)
 j - the ring "Ulueluur" (right hand) {rF+ rN+ rCorr}
   (You acquired it on level 14 of the Dungeon)

   [ring of positive energy]

   rF:        It protects you from fire.
   rN:        It protects you from negative energy.
   rCorr:     It protects you from acid and corrosion.
 x - the ring "Besonaed" (left hand) {rElec rPois Str+3 Dex-2}
   (You found it in a Gauntlet)

   [ring of poison resistance]

   Str:       It affects your strength (+3).
   Dex:       It affects your dexterity (-2).
   rElec:     It insulates you from electricity.
   rPois:     It protects you from poison.
 M - a ring of willpower
 W - the ring "Ilofisiu" {rF+ rC+ EV+4}
   (You took it off a deep elf annihilator on level 3 of the Elven Halls)

   [ring of evasion]

   EV:        It affects your evasion (+4).
   rF:        It protects you from fire.
   rC:        It protects you from cold.
 X - the ring "Nach" {Fly rElec rF+ MP+9 SInv}
   (You found it in a Gauntlet)

   [ring of magical power]

   rF:        It protects you from fire.
   rElec:     It insulates you from electricity.
   MP:        It affects your magic capacity (+9).
   SInv:      It lets you see invisible.
   Fly:       It grants you flight.
Wands
 e - a wand of charming (15)
 l - a wand of digging (5)
 w - a wand of acid (6)
 G - a wand of iceblast (36)
 N - a wand of flame (33)
Scrolls
 f - 3 scrolls of brand weapon
 g - 11 scrolls of amnesia
 q - 3 scrolls of blinking
 r - 6 scrolls of enchant armour
 s - 5 scrolls of vulnerability
 u - 4 scrolls of enchant weapon
 v - 2 scrolls of silence
 A - 5 scrolls of summoning
 C - 6 scrolls of magic mapping
 F - 9 scrolls of butterflies
 I - 3 scrolls of immolation
 L - 2 scrolls of teleportation
 S - 5 scrolls of torment
 T - 6 scrolls of fear
 Z - 4 scrolls of poison
Potions
 h - 13 potions of curing
 n - 5 potions of brilliance
 o - 3 potions of berserk rage
 p - 5 potions of haste
 t - 4 potions of might
 z - 8 potions of mutation
 B - 10 potions of attraction
 D - a potion of resistance
 E - 2 potions of cancellation
 J - 5 potions of invisibility
 K - 11 potions of ambrosia
 V - 7 potions of lignification
Miscellaneous
 a - a condenser vane
 b - a phantom mirror
 d - a lightning rod (4/4)
 U - a tin of tremorstones (2/2)


   Skills:
 - Level 18.0 Fighting
 - Level 1.7(9.2) Short Blades
 - Level 13.9(14.0) Long Blades
 - Level 2.0 Throwing
 - Level 14.0 Armour
 - Level 12.0 Dodging
 - Level 15.0 Stealth
 - Level 15.0 Shields
 * Level 12.7 Invocations
 - Level 5.0 Evocations


You had 21 spell levels left.
You didn't know any spells.
Your spell library contained the following spells:

 Spells                   Type           Power      Damage    Failure   Level
 Foxfire                  Conj/Fire      0%         2x1d4     91%         1
 Sandblast                Erth           0%         2d4       91%         1
 Sting                    Tmut/Pois      0%         1d3       91%         1
 Passwall                 Tmut/Erth      0%         N/A       97%         2
 Poisonous Vapours        Pois/Air       0%         N/A       97%         2
 Scorch                   Fire           0%         2d5       97%         2
 Static Discharge         Conj/Air       0%         3-3/arc   97%         2
 Conjure Flame            Conj/Fire      0%         6-21      99%         3
 Dazzling Flash           Conj/Hex       0%         N/A       99%         3
 Frozen Ramparts          Ice            0%         1d1       99%         3
 Gell's Gravitas          Tloc           0%         N/A       99%         3
 Inner Flame              Hex/Fire       0%         N/A       99%         3
 Lesser Beckoning         Tloc           0%         N/A       99%         3
 Mephitic Cloud           Conj/Pois/Air  0%         N/A       99%         3
 Portal Projectile        Hex/Tloc       0%         N/A       99%         3
 Spider Form              Tmut/Pois      0%         N/A       99%         3
 Stone Arrow              Conj/Erth      0%         3d7       99%         3
 Teleport Other           Tloc           0%         N/A       99%         3
 Tukima's Dance           Hex            0%         N/A       99%         3
 Corpse Rot               Necr/Pois/Air  0%         N/A       100%        4
 Flame Wave               Conj/Fire      0%         2d4       100%        4
 Ice Form                 Ice/Tmut       0%         N/A       100%        4
 Leda's Liquefaction      Hex/Erth       0%         N/A       100%        4
 Olgreb's Toxic Radiance  Pois           0%         N/A       100%        4
 Passage of Golubria      Tloc           0%         N/A       100%        4
 Petrify                  Tmut/Erth      0%         N/A       100%        4
 Summon Ice Beast         Ice/Summ       0%         N/A       100%        4
 Summon Lightning Spire   Summ/Air       0%         N/A       100%        4
 Agony                    Necr           0%         N/A       100%        5
 Alistair's Intoxication  Tmut/Pois      0%         N/A       100%        5
 Blade Hands              Tmut           0%         N/A       100%        5
 Borgnjor's Vile Clutch   Necr/Erth      0%         N/A       100%        5
 Fireball                 Conj/Fire      0%         3d3       100%        5
 Freezing Cloud           Conj/Ice/Air   0%         6-21      100%        5
 Irradiate                Conj/Tmut      0%         3d11      100%        5
 Iskenderun's Battlesphe  Conj           0%         2d6       100%        5
 Lee's Rapid Deconstruct  Erth           0%         3d5*      100%        5
 Lightning Bolt           Conj/Air       0%         1d11      100%        5
 Metabolic Englaciation   Hex/Ice        0%         N/A       100%        5
 Silence                  Hex/Air        0%         N/A       100%        5
 Summon Forest            Summ/Tloc      0%         N/A       100%        5
 Dispersal                Tloc           0%         N/A       100%        6
 Eringya's Noxious Bog    Tmut/Pois      0%         N/A       100%        6
 Iron Shot                Conj/Erth      0%         9d1       100%        6
 Simulacrum               Ice/Necr       0%         N/A       100%        6
 Statue Form              Tmut/Erth      0%         N/A       100%        6
 Summon Cactus Giant      Summ           0%         N/A       100%        6
 Dragon Form              Tmut           0%         N/A       100%        7
 Spellforged Servitor     Conj/Summ      0%         N/A       100%        7
 Summon Hydra             Summ           0%         N/A       100%        7
 Lehudib's Crystal Spear  Conj/Erth      0%         10d2      100%        8
 Maxwell's Capacitive Co  Air            0%         ∞         100%        8
 Summon Horrible Things   Summ           0%         N/A       100%        8
 Polar Vortex             Ice            0%         N/A       100%        9


Dungeon Overview and Level Annotations

Branches:
Dungeon (15/15)            Temple (1/1) D:5            Lair (5/5) D:9
 Shoals (4/4) Lair:3        Snake (4/4) Lair:3        Slime (0/5) Lair:5
    Orc (2/2) D:10            Elf (3/3) Orc:2        Vaults (4/5) D:13
  Crypt (0/3) Vaults:3     Depths (2/4) D:15          IceCv (visited)
Gauntlet (visited)

Altars:
Ashenzari
Cheibriados
Dithmenos
Elyvilon
Fedhas
Gozag
Hepliaklqana
Makhleb
Nemelex Xobeh
Okawaru
Qazlal
Ru
Sif Muna
Trog
Uskayaw
Vehumet
Wu Jian
Xom
Yredelemnul
Zin
The Shining One
Jiyva

Shops:
Orc:2 *((*   Elf:1 :=:   Elf:3 !   Shoals:1 *   Shoals:3 [   Shoals:4 [
Vaults:4 (   Depths:1 [(*

Portals:
Hell: Depths:1

Annotations:
D:4 Grinder
D:9 2 transporters, Jingleheimer's ghost, novice DsGl
D:11 2 runed translucent doors, Tiocfaidh's ghost, journeyman DgHu
D:15 Roxanne
Lair:4 3 runed translucent doors, Lutiheq's ghost, journeyman DrTm
Elf:1 WiseOSalty's ghost, adept DsFi
Depths:1 3 runed translucent doors, Camaan's ghost, adept DgCj


Innate Abilities, Weirdness & Mutations

You have razor-sharp teeth.
Your natural rate of healing is unusually fast.
When hurt, damage is shared between your health and your magic reserves.
Your bite disrupts and absorbs the magic of your enemies.
Potions cannot restore your health.


Message History

The deep elf sorcerer moves out of view.
A fire dragon comes into view.
The great orb of eyes gazes at you. You resist with almost no effort.
The glowing orange brain pulsates.
You are no longer terrified.
A stone giant comes into view.
The deep elf sorcerer gestures at you while chanting.
The sphere of damnation explodes!
The damnation engulfs you!!
* * * LOW HITPOINT WARNING * * *
The fire dragon roars deafeningly!
You hear a shout! x2
You hear a horrible gurgling sound!
You hear an angry buzzing noise.
You hear a shout! x2
A green ugly thing comes into view.
A fire giant comes into view.
It is wielding a +1 great sword of flaming.
An iron dragon comes into view.
You hear a grinding noise.
As you read the scroll of teleportation, it crumbles to dust.
You feel strangely unstable.
An ettin comes into view.
It is wielding a +2 dire flail of protection and a +0 dire flail.
The deep elf sorcerer hits you but does no damage.
The iron dragon barely misses you.
The iron dragon claws you but does no damage.
The iron dragon misses you.
The glowing orange brain pulsates.
You resist with almost no effort.
The stone giant throws a large rock.
The large rock hits you!
* * * LOW HITPOINT WARNING * * *
You block the deep elf sorcerer's attack.
Unknown command.
The fire dragon attacks as you move away!
You block the fire dragon's attack. x3
The fire giant points at you and mumbles some strange words.
The fireball explodes!
The fireball engulfs you. You resist.
* * * LOW HITPOINT WARNING * * *
The stone giant throws a large rock.
The large rock hits you!!
* * * LOW HITPOINT WARNING * * *
The fire dragon breathes flames at you. The blast of flame hits you.
You resist.
You die...

#eQuC#.#....T...#
#..H..q.#..#G...#
#.*eE#..#...#...#
$[......[#....#C.#
$)[#############.#
#$[ #.. ##.G# }#:
#...#D..# .#C
#..#.e..# .#.
#.CD.@# #.#
#..C....# #
#.#.C..##
#.u....##
#.......#
........# ....###
..#


You could see an iron dragon, a fire giant, a fire dragon (catching breath), 2
stone giants, a green ugly thing, an ettin, a deep elf sorcerer and a glowing
orange brain.

Vanquished Creatures
  Vashnia (Snake:2)
  Saint Roka (Vaults:4)
  A bone dragon (Vaults:3)
  A deep elf blademaster (Elf:3)
  A quicksilver dragon (Depths:2)
  2 deep elf master archers (Elf:3)
  Frances (Shoals:1)
  A sphinx (Depths:2)
  A tengu reaver (Depths:2)
  4 nagarajas
  7 deep elf sorcerers
  7 vault wardens
  A frost giant (Depths:1)
  Aizul (Snake:1)
  14 ironbound preservers
  3 deep elf elementalists
  A spriggan defender (Depths:2)
  18 very ugly things
  A war gargoyle (Vaults:3)
  2 ironbound thunderhulks (Vaults:4)
  2 deep elf demonologists (Elf:3)
  9 deep elf annihilators
  A lorocyproca (Elf:1)
  2 dire elephants (Vaults:3)
  2 entropy weavers
  6 deep elf death magi (Elf:3)
  10 merfolk impalers
  2 ettins (Vaults:1)
  A minotaur (Gauntlet)
  2 merfolk javelineers
  Josephine (Snake:1)
  3 great orbs of eyes
  2 green deaths
  2 deep elf high priests (Elf:3)
  6 vault guards
  9 yaktaur captains
  2 fire dragons (Depths:1)
  3 ice dragons
  4 boulder beetles
  5 hydras
  An ogre mage (D:15)
  4 salamander tyrants
  A spriggan air mage (Depths:1)
  7 anacondas (Snake:4)
  An anaconda (shapeshifter) (Elf:3)
  A peacekeeper (Vaults:3)
  3 ironbound frosthearts
  2 merfolk avatars
  10 centaur warriors
  7 two-headed ogres
  2 alligator snapping turtles (Shoals:4)
  2 catoblepae (Lair:5)
  13 dancing weapons
  A deep troll earth mage (Depths:1)
  2 satyrs
  13 naga warriors
  5 merfolk aquamancers
  6 death yaks
  2 thrashing horrors (Abyss:2)
  10 deep elf knights
  An orc high priest (Orc:1)
  3 shock serpents
  10 naga sharpshooters
  4 salamander mystics
  2 wretched stars (Abyss:2)
  4 iron trolls (Depths:1)
  10 sea snakes
  2 glowing orange brains
  2 flayed ghosts
  A kraken simulacrum (Shoals:4)
  6 naga ritualists
  40 deep trolls
  4 lindwurms
  A lindwurm (shapeshifter) (Depths:2)
  9 ironbound convokers
  2 necromancers
  11 deep elf archers
  5 wizards
  20 deep elf pyromancers
  A phantasmal warrior (Vaults:4)
  22 deep elf zephyrmancers
  17 harpies
  14 fauns
  7 orc sorcerers
  2 mana vipers
  28 ugly things
  13 elephants
  6 cyclopes
  8 merfolk sirens
  12 manticores
  21 salamanders
  28 black mambas
  2 ice statues (IceCv)
  11 vault sentinels
  6 water nymphs
  A centaur zombie (Gauntlet)
  A torpor snail (Lair:5)
  An orange demon (Gauntlet)
  A gargoyle (D:11)
  18 naga magi
  Maggie (D:9)
  7 guardian serpents (Snake:4)
  13 cane toads
  2 smoke demons (Abyss:2)
  3 rime drakes
  An unseen horror (D:12)
  2 centaur skeletons (D:15)
  A spectral redback (Gauntlet)
  8 komodo dragons
  4 freezing wraiths
  40 yaktaurs
  2 tengu conjurers (Depths:2)
  A queen bee (Lair:1)
  5 trolls
  2 meliai (D:15)
  25 slime creatures
  3 polar bears
  8 wind drakes
  33 merfolk
  2 hornets (D:8)
  9 dream sheep
  9 blink frogs
  A jumping spider (shapeshifter) (D:13)
  9 snapping turtles
  Sigmund (D:3)
  2 air elementals (Elf:1)
  13 water elementals
  4 wyverns
  A culicivora (shapeshifter) (Elf:1)
  6 wraiths
  57 yaks
  A wyvern (shapeshifter) (Elf:3)
  4 basilisks
  2 dire elephant simulacra (IceCv)
  2 humans (D:7)
  3 steam dragons
  2 large abominations (Abyss:2)
  A fire elemental (Elf:1)
  9 vampire mosquitoes
  A death yak simulacrum (IceCv)
  3 redbacks
  37 nagas
  6 acid dragons
  7 wargs
  15 water moccasins
  16 orc warriors
  5 black bears
  2 small abominations (Abyss:2)
  A sky beast (D:7)
  A hornet zombie (D:15)
  An ice beast (D:7)
  3 ogres
  5 boggarts (D:14)
  7 wolves
  12 centaurs
  A kobold brigand (D:8)
  8 bullfrogs
  2 gnoll sergeants
  A necrophage (D:4)
  4 earth elementals
  A hornet simulacrum (D:15)
  42 killer bees
  2 electric eels
  3 howler monkeys (D:10)
  5 hounds
  3 jellies
  2 gnoll boudas
  7 orc priests
  4 iguanas
  Natasha (D:4)
  4 hell rats (Lair:4)
  40 orc wizards
  A polar bear simulacrum (IceCv)
  17 gnolls
  2 adders
  A shadow imp (D:7)
  A white imp (D:5)
  3 dart slugs
  68 orcs
  2 ball pythons
  5 bats
  8 endoplasms
  5 giant cockroaches
  6 goblins
  7 hobgoblins
  7 jackals
  15 kobolds
  3 quokkas
  5 frilled lizards
  3 rats
1303 creatures vanquished.

Vanquished Creatures (collateral kills)
  A deep elf blademaster (Elf:3)
  A deep elf elementalist (Elf:3)
  2 ironbound preservers
  A stone giant (Vaults:1)
  2 very ugly things
  An ironbound thunderhulk (Vaults:3)
  2 deep elf demonologists (Elf:3)
  2 dire elephants (Vaults:3)
  2 deep elf annihilators (Elf:3)
  An ettin (Depths:1)
  2 vault guards
  A boulder beetle (D:15)
  A hydra (D:11)
  A salamander tyrant (Snake:4)
  A centaur warrior (Vaults:1)
  An anaconda (Snake:4)
  A merfolk aquamancer (Shoals:3)
  2 dancing weapons (Elf:3)
  A satyr (Shoals:2)
  2 naga sharpshooters
  A death drake (Gauntlet)
  A sea snake (Shoals:2)
  4 deep trolls
  A deep elf archer (Elf:1)
  2 wizards
  An ironbound convoker (Vaults:3)
  2 deep elf zephyrmancers (Elf:1)
  A deep elf pyromancer (Elf:1)
  2 harpies (Vaults:1)
  A mana viper (Snake:4)
  8 ugly things
  An orc sorcerer (Orc:2)
  2 salamanders
  3 manticores
  3 guardian serpents
  A black mamba (shapeshifter) (Elf:3)
  2 merfolk sirens (Shoals:2)
  4 vault sentinels
  A black mamba (Snake:3)
  A centaur zombie (Gauntlet)
  2 naga magi (Snake:4)
  An elephant (Lair:5)
  An ice statue (IceCv)
  A centaur skeleton (D:15)
  2 cane toads
  An unseen horror (Abyss:2)
  2 rime drakes
  4 yaktaurs (Vaults:1)
  A komodo dragon (Lair:4)
  A troll (Orc:1)
  2 merfolk (Shoals:2)
  A meliai (D:15)
  3 blink frogs
  2 slime creatures (Vaults:4)
  A dream sheep (Lair:5)
  A snapping turtle (Shoals:2)
  A dire elephant simulacrum (IceCv)
  3 water elementals
  2 wyverns
  7 yaks
  3 wargs (Orc:2)
  2 nagas
  A water moccasin (Lair:3)
  A hydra simulacrum (IceCv)
  2 orc warriors (Orc:1)
  A spectral hornet (Gauntlet)
  3 wolves
  2 centaurs (D:15)
  An electric eel (Elf:3)
  An orc priest (Orc:1)
  A small abomination (Abyss:2)
  3 hell rats (Lair:4)
  2 wolf simulacra (IceCv)
  9 orcs
141 creatures vanquished.

Vanquished Creatures (others)
  A merfolk aquamancer (Shoals:4)
  4 deep elf knights
  A water elemental (Elf:1)
  A basilisk (Lair:5)
  An orc wizard (D:9)
  An orc (Orc:2)
  42 fungi
  64 plants
  8 tentacles (Shoals:4)
123 creatures vanquished.

Grand Total: 1567 creatures vanquished

Notes
Turn   | Place    | Note
-------+----------+-------------------------------------------
     0 | D:1      | Lutefisk the Vine Stalker Brigand began the quest for the
                  | Orb.
     0 | D:1      | Reached XP level 1. HP: 11/11 MP: 2/2
   309 | D:1      | Reached skill level 2 in Fighting
   309 | D:1      | Reached skill level 5 in Stealth
   361 | D:1      | Reached XP level 2. HP: 15/16 MP: 3/3
   559 | D:2      | Reached XP level 3. HP: 15/19 MP: 4/4
   562 | D:2      | Reached skill level 3 in Fighting
   892 | D:3      | Noticed Sigmund
   945 | D:4      | Noticed Natasha
  1514 | D:3      | Gained mutation: Your natural rate of healing is unusually
                  | fast. [Vine Stalker growth]
  1514 | D:3      | Reached XP level 4. HP: 7/25 MP: 5/5
  1913 | D:3      | Killed Sigmund
  1914 | D:3      | Reached skill level 4 in Fighting
  1914 | D:3      | Reached skill level 1 in Dodging
  1914 | D:3      | Reached XP level 5. HP: 29/29 MP: 6/6
  1914 | D:3      | Reached XP level 6. HP: 33/33 MP: 7/7
  2046 | D:4      | Noticed Grinder
  2091 | D:4      | Found a sacrificial altar of Ru.
  2259 | D:4      | Killed Natasha
  2330 | D:4      | Reached XP level 7. HP: 38/38 MP: 8/8
  2451 | D:5      | Entered Level 5 of the Dungeon
  2509 | D:5      | Reached skill level 5 in Fighting
  2567 | D:5      | Found a staircase to the Ecumenical Temple.
  2635 | D:5      | Reached skill level 1 in Long Blades
  2650 | D:4      | Reached skill level 1 in Armour
  2827 | Temple   | Entered the Ecumenical Temple
  2989 | Temple   | Became a worshipper of Makhleb the Destroyer
  3229 | D:6      | Gained mutation: You have razor-sharp teeth. [Vine Stalker
                  | growth]
  3229 | D:6      | Reached XP level 8. HP: 43/43 MP: 9/9
  3259 | D:6      | Reached skill level 10 in Stealth
  3417 | D:6      | Noticed a yak
  3417 | D:6      | Noticed a yak
  3438 | D:6      | Killed a yak
  3439 | D:6      | Noticed a yak
  3461 | D:6      | Killed a yak
  3471 | D:6      | Noticed a yak
  3483 | D:6      | Noticed a yak
  3504 | D:6      | Killed a yak
  3541 | D:5      | Killed a yak
  3719 | D:5      | Found a shadowy altar of Dithmenos.
  3724 | D:5      | Reached XP level 9. HP: 47/47 MP: 10/10
  4268 | D:6      | Reached * piety under Makhleb
  4559 | D:7      | Noticed a cyclops
  4602 | D:7      | Killed a cyclops
  4603 | D:7      | Reached skill level 6 in Fighting
  4793 | D:8      | Reached skill level 7 in Fighting
  4926 | D:8      | Noticed a cyclops
  4941 | D:8      | Noticed a two-headed ogre
  4971 | D:8      | Killed a cyclops
  4972 | D:8      | Reached skill level 8 in Fighting
  4972 | D:8      | Reached skill level 1 in Invocations
  4972 | D:8      | Reached skill level 1 in Evocations
  5054 | D:8      | Reached XP level 10. HP: 32/56 MP: 8/12
  5287 | D:8      | Killed a two-headed ogre
  5345 | D:8      | Noticed a two-headed ogre
  5417 | D:8      | Reached ** piety under Makhleb
  5478 | D:7      | Found an iron altar of Okawaru.
  5519 | D:7      | Reached skill level 5 in Long Blades
  6231 | D:9      | Found a staircase to the Lair.
  6259 | D:9      | Found a sparkling altar of Nemelex Xobeh.
  6316 | D:9      | Noticed a two-headed ogre
  6322 | D:9      | Reached *** piety under Makhleb
  6400 | D:9      | Reached XP level 11. HP: 40/60 MP: 9/14
  6533 | D:9      | Noticed Maggie
  6697 | D:9      | Reached skill level 9 in Fighting
  6715 | D:9      | Noticed Jingleheimer's ghost (novice DsGl)
  6717 | D:9      | Noticed a moth of wrath
  6719 | D:9      | Found a transporter.
  6719 | D:9      | Noticed a two-headed ogre
  6725 | D:9      | Found a bloodstained altar of Trog.
  6726 | D:9      | Noticed a two-headed ogre
  6730 | D:9      | Noticed a deep troll
  6733 | D:9      | Found a transporter.
  6791 | D:9      | Killed Maggie
  6860 | Lair:1   | Entered Level 1 of the Lair of Beasts
  6971 | Lair:1   | Reached skill level 5 in Dodging
  7356 | Lair:1   | Reached skill level 10 in Fighting
  7383 | Lair:1   | Reached **** piety under Makhleb
  7666 | Lair:2   | Reached skill level 5 in Armour
  7763 | Lair:2   | Reached XP level 12. HP: 67/67 MP: 16/16
  7779 | Lair:2   | Identified the +9 chain mail of Efutiot {rElec Regen+ Int+4
                  | Dex-5}
  8011 | Lair:2   | Reached ***** piety under Makhleb
  8464 | Lair:3   | Identified the +9 dagger "Ziehopp" {spect, rN+++ rCorr
                  | Int+4 Dex-4}
  8526 | Lair:3   | Noticed a death yak
  8564 | Lair:3   | Noticed a death yak
  8572 | Lair:3   | Noticed a death yak
  8577 | Lair:3   | Killed a death yak
  8609 | Lair:3   | Killed a death yak
  8615 | Lair:3   | Killed a death yak
  8653 | Lair:3   | Found a staircase to the Snake Pit.
  8731 | Lair:3   | Reached XP level 13. HP: 71/72 MP: 14/17
  8914 | Lair:3   | Found a staircase to the Shoals.
  9166 | Lair:4   | Found a runed translucent gate.
  9167 | Lair:4   | Found a runed translucent gate.
  9192 | Lair:4   | Noticed Lutiheq's ghost (journeyman DrTm)
  9205 | Lair:4   | Found a runed translucent gate.
  9878 | Lair:5   | Entered Level 5 of the Lair of Beasts
  9896 | Lair:5   | Reached skill level 15 in Stealth
 10028 | Lair:5   | Found a viscous altar of Jiyva.
 10028 | Lair:5   | Found a staircase to the Slime Pits.
 10078 | Lair:5   | Found a frozen archway.
 10091 | IceCv    | Entered an ice cave
 10175 | IceCv    | Got Caygiack's Omnibus of the Hurtful Snake
 10578 | Lair:5   | Reached skill level 10 in Long Blades
 10599 | Lair:5   | Reached XP level 14. HP: 74/77 MP: 13/18
 11147 | Lair:5   | Reached skill level 11 in Fighting
 11530 | D:10     | Entered Level 10 of the Dungeon
 11583 | D:10     | Found a staircase to the Orcish Mines.
 11611 | Orc:1    | Entered Level 1 of the Orcish Mines
 11884 | Orc:1    | Reached skill level 5 in Invocations
 12102 | Orc:2    | Entered Level 2 of the Orcish Mines
 12201 | Orc:2    | Reached skill level 5 in Evocations
 12323 | Orc:2    | Found Yskoynk Kopp's Antique Weapon Emporium.
 12353 | Orc:2    | Found Gecserch's Assorted Antiques.
 12372 | Orc:2    | Bought a potion of curing for 87 gold pieces
 12397 | Orc:2    | Found Famillepp's Weapon Shop.
 12398 | Orc:2    | Found Jips's General Store.
 12493 | Orc:2    | Found a staircase to the Elven Halls.
 13527 | D:11     | Found a large runed translucent door.
 13527 | D:11     | Found a large runed translucent door.
 13542 | D:11     | Noticed Tiocfaidh's ghost (journeyman DgHu)
 13542 | D:11     | Found the +5 scythe "Finisher" {speed, eviscerate}
 13632 | D:11     | Reached XP level 15. HP: 78/84 MP: 16/20
 13742 | D:12     | Identified the +0 cloak "Cafuorgh" {Str+5 Slay+3 Stlth-}
 13797 | D:12     | Reached skill level 12 in Fighting
 13925 | D:12     | Found a stormy altar of Qazlal.
 14068 | D:12     | Got the Grimoire of Flamy Impurities
 14311 | D:12     | Reached ****** piety under Makhleb
 14591 | D:13     | Found a gate to the Vaults.
 14724 | D:13     | You are sucked into a shaft and drop 2 floors!
 14724 | D:15     | Entered Level 15 of the Dungeon
 14783 | D:15     | Paralysed by an ogre mage for 3 turns
 14879 | D:15     | Noticed Roxanne
 15001 | D:15     | Found a sparkling altar of Nemelex Xobeh.
 15159 | D:15     | Found a gate leading to a gauntlet.
 15168 | Gauntlet | Entered a Gauntlet
 15168 | Gauntlet | Found a transporter.
 15177 | Gauntlet | Found a transporter.
 15180 | Gauntlet | Found a runed translucent door.
 15183 | Gauntlet | Found a transporter.
 15185 | Gauntlet | Found a transporter.
 15192 | Gauntlet | Found a transporter.
 15192 | Gauntlet | Found a transporter.
 15194 | Gauntlet | Found a transporter.
 15196 | Gauntlet | Found a transporter.
 15213 | Gauntlet | Found a transporter.
 15215 | Gauntlet | Found a transporter.
 15219 | Gauntlet | Found a transporter.
 15221 | Gauntlet | Found a runed translucent gate.
 15221 | Gauntlet | Found a runed translucent gate.
 15221 | Gauntlet | Found a runed translucent gate.
 15261 | Gauntlet | Found a transporter.
 15436 | Gauntlet | Identified the +2 helmet of Vanity {Int+4}
 15473 | Gauntlet | Identified the ring "Besonaed" {rElec rPois Str+3 Dex-2}
 15508 | Gauntlet | Identified the +1 storm dragon scales of the True Pharaoh
                  | {-Tele Contam rElec SInv Stlth+}
 15541 | Gauntlet | Identified the +0 ring mail of the Trombone {rElec Int+6}
 15543 | Gauntlet | Identified the +1 kite shield of Katwiaf {Str+4}
 15543 | Gauntlet | Identified the ring "Nach" {Fly rElec rF+ MP+9 SInv}
 15670 | D:15     | Found a staircase to the Depths.
 15682 | D:15     | Reached skill level 1 in Shields
 15940 | D:14     | Identified a scroll of acquirement
 15940 | D:14     | Acquired the ring "Ulueluur" {rF+ rN+ rCorr}
 16895 | Snake:1  | Entered Level 1 of the Snake Pit
 16962 | Snake:1  | Noticed Josephine
 16966 | Snake:1  | Noticed Aizul
 16980 | Snake:1  | Killed Josephine
 17021 | Snake:1  | Killed Aizul
 17244 | Snake:1  | Reached XP level 16. HP: 88/88 MP: 21/21
 17618 | Snake:2  | Reached skill level 10 in Dodging
 17623 | Snake:2  | Reached skill level 10 in Armour
 18194 | Snake:2  | Noticed Vashnia
 18256 | Snake:2  | Killed Vashnia
 18257 | Snake:2  | Reached skill level 5 in Shields
 18313 | Snake:3  | HP: 4/88 [salamander tyrant (12)]
 18449 | Snake:3  | Found a shimmering blue altar of Sif Muna.
 19146 | Snake:4  | Entered Level 4 of the Snake Pit
 19345 | Snake:4  | Noticed a nagaraja
 19502 | Snake:4  | Found a shimmering altar of Xom.
 19538 | Snake:4  | Killed a nagaraja
 19539 | Snake:4  | Reached XP level 17. HP: 92/93 MP: 20/22
 20227 | Snake:4  | Reached skill level 10 in Shields
 20377 | Snake:4  | Got a serpentine rune of Zot
 21225 | Shoals:1 | Entered Level 1 of the Shoals
 21233 | Shoals:1 | Reached skill level 13 in Fighting
 21332 | Shoals:1 | Noticed Frances
 21342 | Shoals:1 | Killed Frances
 21555 | Shoals:1 | Found Punkiun's CLEARANCE SALE!.
 21568 | Shoals:1 | Bought 3 scrolls of fear for 84 gold pieces
 21568 | Shoals:1 | Bought a potion of haste for 70 gold pieces
 21687 | Shoals:2 | Reached skill level 14 in Fighting
 21865 | Shoals:2 | Reached XP level 18. HP: 70/102 MP: 21/25
 22385 | Shoals:4 | Entered Level 4 of the Shoals
 22751 | Shoals:4 | Found Celasoif's Antique Armour Emporium.
 22873 | Shoals:4 | Got the Handbook of Rallying
 22991 | Shoals:4 | Got a barnacled rune of Zot
 23107 | Shoals:4 | Reached skill level 15 in Fighting
 23125 | Shoals:4 | Reached skill level 10 in Invocations
 23307 | Shoals:3 | Found Hehiucost's Antique Armour Boutique.
 23316 | Shoals:3 | Bought a polished helmet for 266 gold pieces
 23316 | Shoals:3 | Identified the +4 helmet of the Watchman {rElec rF+ rC+}
                  | (You bought it in a shop on level 3 of the Shoals)
 23662 | Elf:1    | Entered Level 1 of the Elven Halls
 23673 | Elf:1    | Paralysed by an air elemental for 1 turns
 23765 | Elf:1    | Found a flickering gateway to a bazaar.
 23934 | Elf:1    | Found a runed translucent gate.
 23934 | Elf:1    | Found a runed translucent gate.
 23934 | Elf:1    | Found a runed translucent gate.
 23935 | Elf:1    | Noticed WiseOSalty's ghost (adept DsFi)
 24086 | Elf:1    | Reached XP level 19. HP: 107/108 MP: 27/27
 24171 | Elf:1    | Found Otur's Book Shop.
 24171 | Elf:1    | Found Yfen's Jewellery Shoppe.
 24172 | Elf:1    | Found Taotte's Book Shop.
 24225 | Bazaar   | Entered a bazaar
 24235 | Bazaar   | Found Goffil's Book Shop.
 24249 | Bazaar   | Found Veufutyu's Assorted Antiques.
 24267 | Bazaar   | Found Utsyerun's Book Boutique.
 24267 | Bazaar   | Found Osiuth's Assorted Antiques.
 24798 | Elf:3    | Entered Level 3 of the Elven Halls
 25198 | Elf:3    | Noticed an Ice Fiend
 25310 | Elf:3    | Identified the ring "Ilofisiu" {rF+ rC+ EV+4}
 25310 | Elf:3    | Identified the ring of Jealousy {Slay+4 Stlth+}
 25312 | Elf:3    | Identified the +1 leather armour of the Gastropod {rElec
                  | Will+ Slay+2}
 25317 | Elf:3    | Identified the +4 mace "Yheont" {flame, Str+4 Int-4}
 25318 | Abyss:2  | Cast into level 2 of the Abyss (deep elf annihilator)
 25327 | Abyss:2  | Noticed a hellephant
 25563 | Elf:3    | Escaped the Abyss
 25596 | Elf:3    | Found Lapluschy's Distillery.
 25604 | Elf:3    | Bought a potion of haste for 160 gold pieces
 25619 | Elf:3    | Bought a potion of berserk rage for 80 gold pieces
 25934 | Elf:3    | Identified the +1 ring mail of Kemonehe {Dex+8 SInv}
 25958 | Elf:3    | Identified the +2 sling of Extremism {vorpal, rPois}
 26098 | Elf:1    | Reached XP level 20. HP: 104/112 MP: 27/30
 26293 | Elf:1    | Paralysed by a Zot trap for 2 turns
 26310 | Elf:1    | Identified the -1 pair of boots of Jaf Gurgh {*Corrode
                  | rPois rF++ Regen+ Dex+4}
 26579 | Vaults:1 | Entered Level 1 of the Vaults
 27348 | Vaults:2 | Reached skill level 15 in Shields
 28259 | Vaults:1 | Reached skill level 16 in Fighting
 28349 | Vaults:2 | Reached XP level 21. HP: 109/119 MP: 27/31
 28664 | Vaults:3 | Noticed a bone dragon
 28696 | Vaults:3 | Killed a bone dragon
 28697 | Vaults:3 | Found a staircase to the Crypt.
 28787 | Vaults:3 | Reached skill level 17 in Fighting
 29279 | Vaults:4 | Noticed Saint Roka
 29296 | Vaults:4 | Killed Saint Roka
 29326 | Vaults:4 | Reached skill level 18 in Fighting
 29482 | Vaults:4 | Found Pabegy's Weapon Shoppe.
 30416 | Depths:1 | Entered Level 1 of the Depths
 30529 | Depths:1 | Found Tecrix's Antique Weapon Shop.
 30537 | Depths:1 | Found Dicol's Antique Armour Shop.
 30824 | Depths:1 | Found a runed translucent gate.
 30825 | Depths:1 | Found a runed translucent gate.
 30827 | Depths:1 | Found a runed translucent gate.
 30831 | Depths:1 | Noticed Camaan's ghost (adept DgCj)
 30839 | Depths:1 | Noticed a juggernaut
 30877 | Depths:1 | Found Naareetz's General Store.
 30930 | Depths:1 | Found a gateway to Hell.
 31016 | Depths:1 | Reached XP level 22. HP: 116/128 MP: 32/32
 31320 | Depths:2 | Identified the ring of Ydaigeach {*Slow Fly rElec rN+
                  | Int+4}
 31328 | Depths:2 | Identified the +7 battleaxe of Quantum Leap {speed, rC+++
                  | rN+ Will+ Int-4}
 31349 | Depths:2 | HP: 1/128 [stone giant/large rock (22)]
 31349 | Depths:2 | Killed from afar by a fire dragon

Illustrated notes

Levels and vault maps discovered:
D:1:      wander_arrival_lonely_grave, layout_loops_cross,
          shapermc_ecumenical_altar_totnotflames, minmay_pentomino_o4
D:2:      layout_loops_ring, minmay_cupped
D:3:      layout_basic, minmay_goblin_kobold_house, uniq_sigmund
D:4:      layout_basic, mainiacjoe_overflow_boulevard, uniq_natasha,
          uniq_grinder
D:5:      layout_cave_pods, nicolae_dithmenos_the_darkroom,
          minmay_temple_entry_from_below_a, minmay_misc_feat_diagonals
D:6:      layout_gridville
D:7:      layout_loops_ring, okawaru_humans
D:8:      layout_basic, hellmonk_guarded_unrand_dark_maul
D:9:      layout_roguey, lemuel_doored_altar, grunt_lair_entry_orc_guard_hut,
          gammafunk_ghost_wrathful_warriors, chequers_serial_rivers_room_b,
          uniq_maggie
D:10:     layout_basic, lemuel_mausoleum_altar_kikubaaqudgha, serial_rivers,
          chequers_serial_rivers_micro_c, chequers_serial_rivers_small_3,
          chequers_serial_rivers_marsh, chequers_serial_rivers_micro_a,
          chequers_serial_rivers_large_b, chequers_serial_rivers_small_b
D:11:     layout_roguey, serial_rivers, chequers_serial_rivers_marsh,
          chequers_serial_rivers_small_a, chequers_serial_rivers_large_a,
          chequers_serial_rivers_micro_b, ebering_ghost_disaster_area
D:12:     layout_gridville, minivault_21, nicolae_qazlal_scattered_showers
D:13:     layout_irregular_city, erik_vaults_1
D:14:     layout_basic, kennysheep_cluttered_room
D:15:     grunt_enter_depths_magical_seal, layout_long_grid,
          serial_co_window_serial, co_window_paths_a, co_window_corner_a,
          co_window_paths_b, co_window_paths_a, co_window_paths_a,
          co_window_of_opportunity_a, co_window_paths_a,
          co_window_of_opportunity_a, co_window_of_opportunity_a,
          co_window_corner_b, co_window_cross_3, co_window_of_opportunity_c,
          co_window_paths_d, co_window_4corner_a, glass_columns_b,
          gauntlet_entry_generic, nemelex_xobeh_ov_fountains_minmay,
          minmay_checkered_concentric_circles, uniq_roxanne
Temple:   minmay_crystal_spiral_temple
Lair:1:   layout_roguey [special_room_bee], grunt_megastairs_5,
          infiniplex_staircase_pool_2
Lair:2:   layout_roguey, wad_woods_road_02, serial_bayou_shore_a
Lair:3:   layout_chaotic_city, minmay_shoals_entry_beasts,
          minmay_snake_entry_six_corridors, chequers_serial_rivers_marsh
Lair:4:   layout_loops_ring, gammafunk_ghost_split, infiniplex_staircase_pool
Lair:5:   hangedman_lair_in_review, layout_regular_city, slime_entry_1,
          portal_ice_cave_entry_pillars_1, serial_bayou_crossing,
          serial_bayou_shore_b
Shoals:1: layout_shoals, nicolae_shop_clearance, uniq_frances
Shoals:2: cheibrodos_shoals_oceanic_diplomacy, layout_shoals
Shoals:3: layout_shoals, serial_shops, shop
Shoals:4: shoals_end_grunt_ice, layout_shoals, serial_shops, nicolae_square_shop
Snake:1:  layout_chambers, uniq_josephine, uniq_aizul
Snake:2:  layout_layer_cave, nicolae_snake_biting_tails, st_stairs_12,
          uniq_vashnia
Snake:3:  layout_cave_town, basic_altar, grunt_megastairs_4,
          serial_bayou_shore_b
Snake:4:  grunt_snake_rune_serpentine_throne, layout_cave_town, basic_altar
Orc:1:    layout_diamond_mine
Orc:2:    st_orc_town, layout_caves
Elf:1:    layout_loops_ring, serial_shops, bzr_in_the_mist,
          gammafunk_ghost_tricky_traps, minivault_28, hangedman_elven_pyramids,
          minmay_shop_grove
Elf:2:    nicolae_elf_blades_crystal_corner, layout_gridlike,
          nicolae_elf_blasts_and_bolts
Elf:3:    grunt_elf_hall_diamonds, layout_geoelf_castle, serial_shops, shop,
          dreamdust_princess_bridge, uniq_nikola
Vaults:1: v_misc_26, hangedman_vaults_hat, nicolae_vaults_theta, v_misc_2,
          st_lines, v_misc_23, vaults_room_corners, ontoclasm_vaults_eye,
          hangedman_vaults_stagger, ontoclasm_vaults_loading_screen,
          nicolae_vaults_asterisk, nicolae_vaults_little_squares_1,
          ontoclasm_vaults_shuriken, nicolae_vaults_little_squares_6,
          layout_vaults_maze
Vaults:2: hangedman_vaults_impose, nicolae_vaults_little_squares_4,
          vaults_dpeg_cross, nicolae_vaults_sealed_display,
          nicolae_vaults_little_squares_6, grunt_vaults_swirl, vaults_room_grid,
          vaults_dpeg_encased_lava, nicolae_vaults_little_squares_3,
          layout_vaults_omnigrid
Vaults:3: hangedman_vaults_trim, minmay_crypt_entry_nasty_monster, v_misc_24,
          nicolae_vaults_theta, vaults_mumra_chevron_long, vaults_mumra_lcd,
          hangedman_vaults_stream, nicolae_vaults_what_the_h,
          grunt_vaults_funnel, ontoclasm_vaults_chip, dpeg_vaults_monster_box,
          layout_vaults_ring
Vaults:4: v_misc_32, v_misc_12, v_pattern_1, hangedman_vaults_slice,
          ontoclasm_vaults_spin, v_alt_pattern_2, v_misc_25,
          ontoclasm_vaults_fault, nicolae_vaults_little_squares_3,
          nicolae_vaults_little_squares_1, layout_vaults_omnibox, serial_shops,
          nicolae_diamond_shop, uniq_saint_roka
Depths:1: layout_gridlike, hangedman_decor_lopped, grunt_hell_entry_dis_mu,
          gammafunk_ghost_split, serial_shops, nicolae_shop_advertising_works
          [nicolae_subvault_shop_adworks], lemuel_flames_and_gold,
          minmay_shop_star
Depths:2: hangedman_pleasuredromes, pan_entry, hell_entry, abyss_entry,
          uniq_asterion

Skill      XL: |  1  2  3  4  5  6  7  8  9 10 11 12 13 14 15 16 17 18 19 20 21 22 |
---------------+-------------------------------------------------------------------+-----
Fighting       | 2 3 4 5 8 10 11 12 14 15 16 18 | 18.0
Stealth        | 5 7 8 9 12 15 | 15.0
Throwing       | 2 |  2.0
Dodging        | 1 2 4 5 6 8 9 10 11 12 | 12.0
Long Blades    | 1 2 3 5 7 9 10 11 12 13 | 13.9
Armour         | 1 2 4 5 6 8 9 10 12 13 14 | 14.0
Invocations    | 2 3 4 6 8 10 12 | 12.7
Evocations     | 2 4 5 |  5.0
Shields        | 3 8 10 12 13 15 | 15.0
Short Blades   | |  1.7

Action                   |  1- 3 |  4- 6 |  7- 9 | 10-12 | 13-15 | 16-18 | 19-21 | 22-24 || total
-------------------------+-------+-------+-------+-------+-------+-------+-------+-------++-------
Melee: Dagger            |   111 |    67 |   262 |    11 |       |       |       |       ||   451
       Bite              |    26 |    17 |   103 |   409 |   578 |   618 |   769 |    57 ||  2577
       Punch             |     1 |       |     5 |    22 |    19 |       |       |       ||    47
       Short sword       |       |       |       |   804 |    50 |       |       |       ||   854
       Scimitar          |       |       |       |   152 |   931 |       |       |       ||  1083
       Long sword        |       |       |       |       |   282 |  1418 |  1541 |   101 ||  3342
Throw: Dart              |     4 |    21 |    67 |    36 |     3 |     1 |       |       ||   132
       Javelin           |       |       |       |     4 |     6 |       |       |       ||    10
Invok: Lesser Servant of |       |       |       |     5 |    34 |    34 |    14 |       ||    87
       Minor Destruction |       |       |       |       |    14 |       |       |       ||    14
       Major Destruction |       |       |       |       |     3 |     2 |     5 |       ||    10
       Greater Servant o |       |       |       |       |       |     1 |    21 |     2 ||    24
Evoke: Wand              |       |       |       |     1 |    14 |    11 |       |       ||    26
       Phantom mirror    |       |       |       |     1 |       |       |     1 |       ||     2
       Lightning rod     |       |       |       |       |       |       |     5 |       ||     5
       Tin of tremorston |       |       |       |       |       |       |     2 |       ||     2
  Use: Scroll            |     1 |     1 |       |    15 |    14 |    13 |     3 |     3 ||    50
       Potion            |       |       |       |     2 |     4 |     2 |       |       ||     8
 Stab: Sleeping          |     9 |     8 |    10 |    12 |    32 |    11 |    13 |     1 ||    96
       Distracted        |       |       |     2 |    11 |    26 |    13 |    24 |     3 ||    79
       Petrifying        |       |       |       |       |     1 |       |       |       ||     1
       Confused          |       |       |       |       |       |     2 |     1 |       ||     3
Armor: Leather armour    |    49 |    14 |   106 |       |       |       |       |       ||   169
       Ring mail         |       |       |       |   106 |       |       |       |       ||   106
       Acid dragon scale |       |       |       |    63 |       |       |       |       ||    63
       Swamp dragon scal |       |       |       |   214 |   466 |       |       |       ||   680
       Chain mail        |       |       |       |       |    67 |   602 |   617 |    76 ||  1362
Dodge: Dodged            |    61 |    20 |   155 |   608 |   870 |   412 |   474 |    43 ||  2643
Block: Other             |       |       |       |   189 |   214 |       |       |       ||   403
       Reflection        |       |       |       |     1 |    12 |   181 |    92 |       ||   286
       Kite shield       |       |       |       |       |   202 |  1390 |  1414 |    93 ||  3099
